 Dungeon Crawl Stone Soup version 0.29.1-15-g9cfb28693d (webtiles) character file.

Game seed: 3936033229672302384

26079 kingofthe the Covert (level 12, -7/51 HPs)
             Began as a Spriggan Enchanter on Apr 1, 2023.
             Was a High Priest of Dithmenos.
             Killed from afar by an electric eel (8 damage)
             ... with a bolt of electricity
             ... on level 2 of the Lair of Beasts.
             The game lasted 00:50:35 (16055 turns).

kingofthe the Covert (Spriggan Enchanter)          Turns: 16055, Time: 00:50:36

Health: -7/51      AC:  8    Str:  6    XL:     12   Next: 95%
Magic:  28/30      EV: 27    Int: 16    God:    Dithmenos [*****.]
Gold:   632        SH:  0    Dex: 19    Spells: 25/38 levels left

rFire   . . .      SeeInvis +   b - +2 dagger (venom)
rCold   . . .      Faith    .   (no shield)
rNeg    . . .      Spirit   .   s - +2 robe {Will+}
rPois   +          Reflect  .   (helmet restricted)
rElec   .          Harm     .   (no cloak)
rCorr   .          Rampage  .   (gloves unavailable)
Will    +++..                   (boots unavailable)
Stlth   ++++++++++              (no amulet)
HPRegen 0.17/turn               T - +4 ring of protection
MPRegen 0.22/turn               P - ring of poison resistance

@: wreathed by umbra, studying Summonings, very quick
A: very small, no large weapons, unfitting armour, see invisible, speed 3
a: Renounce Religion, Shadow Step, Shadow Form


You were on level 2 of the Lair of Beasts.
You worshipped Dithmenos.
Dithmenos was extremely pleased with you.
You visited 3 branches of the dungeon, and saw 14 of its levels.
You also visited: Gauntlet.

You collected 674 gold pieces.
You spent 42 gold pieces at shops.


Innate Abilities, Weirdness & Mutations

You are very small and have problems with some larger weapons.
You are too small for most types of armour.
You have supernaturally acute eyesight. (SInv)
You cover ground extremely quickly. (Speed+++)


   Skills:
 + Level 4.2 Short Blades
 * Level 12.6 Dodging
 + Level 14.5 Stealth
 + Level 13.8 Spellcasting
 + Level 2.4 Conjurations
 + Level 14.0 Hexes
 * Level 4.1 Fire Magic
 + Level 2.6 Evocations


You had 25 spell levels left.
You knew the following spells:

 Your Spells              Type           Power      Damage    Failure   Level
a - Ensorcelled Hibernat  Hex/Ice        66%        N/A       1%          2
b - Slow                  Hex            100%       N/A       1%          1
c - Confusing Touch       Hex            54%        N/A       1%          3
d - Tukima's Dance        Hex            54%        N/A       1%          3
e - Sticky Flame          Conj/Fire      21%        2d4       16%         4

Your spell library contained the following spells:

 Spells                   Type           Power      Damage    Failure   Level
 Dazzling Flash           Conj/Hex       74%        N/A       1%          3
 Static Discharge         Conj/Air       14%        3-5/arc   5%          2
 Apportation              Tloc           22%        N/A       6%          1
 Necrotise                Necr           44%        1d6       6%          1
 Summon Small Mammal      Summ           44%        N/A       6%          1
 Ozocubu's Armour         Ice            11%        N/A       19%         3
 Vampiric Draining        Necr           11%        2d6       19%         3
 Dispel Undead            Necr           11%        3d9       52%         4
 Agony                    Necr           11%        N/A       86%         5
 Ozocubu's Refrigeration  Ice            5%         4d8       100%        7

Inventory:

Hand Weapons
 a - a +1 dagger
 b - a +2 dagger of venom (weapon)
Missiles
 l - 4 boomerangs of dispersal {=f}
 E - 35 poisoned darts (quivered)
 H - 5 curare-tipped darts {=f}
Armour
 s - a +2 robe of willpower (worn)
 J - a +0 troll leather armour
Jewellery
 z - a ring of wizardry
 F - a ring of protection from fire
 L - a ring of flight
 P - a ring of poison resistance (right hand)
 T - a +4 ring of protection (left hand)
 Z - a ring of wizardry
Wands
 n - a wand of flame (44)
 y - a wand of polymorph (9)
 D - a wand of roots (4)
 N - a wand of paralysis (1)
Scrolls
 d - 5 scrolls of immolation {unknown}
 e - 5 scrolls of identify {@r1}
 i - 2 scrolls of enchant weapon {unknown}
 j - 6 scrolls of teleportation {@r2}
 k - 4 scrolls of poison {unknown}
 m - 3 scrolls of vulnerability {unknown}
 o - a scroll of silence {unknown}
 r - 3 scrolls of magic mapping {unknown}
 t - 3 scrolls of fear {unknown}
 u - 4 scrolls of summoning {unknown}
 A - 5 scrolls of torment {unknown}
 B - 2 scrolls of amnesia {unknown}
 C - 3 scrolls of fog {unknown}
 G - a scroll of enchant armour {unknown}
 O - a scroll of blinking {unknown}
Potions
 c - 2 potions of invisibility
 f - 2 potions of attraction
 g - a potion of magic {unknown}
 h - 7 potions of heal wounds {@q2}
 p - 6 potions of lignification
 q - 3 potions of resistance
 v - 5 potions of mutation
 w - 10 potions of curing {@q1}
 x - 5 potions of flight
 I - a potion of might {unknown}
 K - 2 potions of haste {unknown}
 M - a potion of cancellation {unknown}
 Q - a potion of berserk rage {unknown}

Dungeon Overview and Level Annotations

Branches:
Dungeon (11/15)            Temple (1/1) D:7            Lair (2/5) D:11
  Swamp (0/4) Lair:2      Gauntlet (visited)
  Snake: Lair:2-3    Spider: Lair:2-3       Orc: D:9-12

Altars:
Ashenzari
Cheibriados
Dithmenos
Elyvilon
Fedhas
Gozag
Hepliaklqana
Kikubaaqudgha
Makhleb
Nemelex Xobeh
Okawaru
Qazlal
Ru
Sif Muna
Trog
Uskayaw
Vehumet
Wu Jian
Xom
Yredelemnul
Zin
The Shining One

Shops:
D:3 *   D:9 (

Annotations:
D:9 exclusion: death yak
D:11 2 transporters, hndcvy's ghost, journeyman MiFi

###..........P# #.........#... #
###.........# ##.#.....#...# #
#.......#...# #......P.<#.... #
##..#....#..### ......#P..#...P
####.###.#.#..#.##..###
##.#..... .#...#.#............#
#....#.# ....# #............####
.....#..
...####............P.P#P....(..
...###P.........@...............
...#P###P..........#.......
..... ......##..........##. .
##..........?.........
#.......#..............
.......#...~~S...#.....
...$......~§S§§§.##....
..P###.#..~§§§§...#.... #P##
###..~§S§§....#...


You could see 2 electric eels.


Message History

You see here a scroll labelled CERERA FOASHRU.
Found a scroll of identify.
The electric eel shoots out a bolt of lightning at you!
The bolt of electricity hits you!
Casting: Confusing Touch (safe; 1% risk of failure)
Confirm with . or Enter, or press ? or * to list all spells.
Aiming: Ensorcelled Hibernation (safe; 1% risk of failure)
Press: ? - help, Shift-Dir - straight line, f - electric eel
Aim: an electric eel (umbra, chance to affect: 71%)
The electric eel struggles to resist.
The electric eel shoots out a bolt of lightning at you!
The bolt of electricity hits you!
The electric eel shoots out a bolt of lightning at you!
The bolt of electricity hits the electric eel.
The electric eel completely resists.
The bolt of electricity hits you.
* * * LOW HITPOINT WARNING * * *
The electric eel shoots out a bolt of lightning at you!
The bolt of electricity misses the electric eel.
The bolt of electricity hits you!
* * * LOW HITPOINT WARNING * * *
The electric eel shoots out a bolt of lightning at you!
The bolt of electricity hits the electric eel.
The electric eel completely resists.
The bolt of electricity misses you.
The electric eel shoots out a bolt of lightning at you!
The bolt of electricity hits you!
* * * LOW HITPOINT WARNING * * *
The electric eel shoots out a bolt of lightning at you!
The bolt of electricity hits the electric eel.
The electric eel completely resists.
The bolt of electricity hits you!
You die...

Skill      XL: |  1  2  3  4  5  6  7  8  9 10 11 12 |
---------------+-------------------------------------+-----
Dodging        | 3 4 5 6 7 8 9 11 12 | 12.6
Spellcasting   | 3 4 6 8 10 11 13 | 13.8
Hexes          | 4 5 6 8 10 11 13 14 | 14.0
Stealth        | 5 7 8 10 11 12 13 14 | 14.5
Short Blades   | 2 4 |  4.2
Fire Magic     | 1 4 |  4.1
Conjurations   | 2 |  2.4
Evocations     | 2 |  2.6

Action                   |  1- 3 |  4- 6 |  7- 9 | 10-12 || total
-------------------------+-------+-------+-------+-------++-------
Melee: Dagger            |    59 |    88 |   128 |   391 ||   666
       Punch             |       |     2 |     1 |     5 ||     8
Throw: Dart              |       |       |       |    25 ||    25
 Cast: Ensorcelled Hiber |     7 |    45 |    59 |   170 ||   281
       Slow              |       |     6 |     6 |    15 ||    27
       Confusing Touch   |       |       |     7 |    21 ||    28
Evoke: Wand              |       |       |     6 |     8 ||    14
  Use: Scroll            |       |       |       |    10 ||    10
       Potion            |       |       |       |     2 ||     2
 Stab: Sleeping          |    15 |    31 |    43 |   155 ||   244
       Confused          |       |       |     7 |    23 ||    30
       Distracted        |       |       |     2 |     1 ||     3
Armor: Robe              |     6 |    12 |    15 |    37 ||    70
Dodge: Dodged            |    29 |    73 |   103 |   341 ||   546

Levels and vault maps discovered:
D:1:      lightli_arrival_boilingwater, layout_basic,
          ebering_ecumenical_altar_hall, corner_web_ring,
          minmay_misc_feat_more_columns, grunt_decor_junction,
          minmay_shallow_snake_nest
D:2:      layout_basic, guppyfry_early_lair_pool
D:3:      layout_basic, serial_shops, shop, minmay_misc_feat_four_crosses,
          minmay_vboxes, uniq_sigmund
D:4:      layout_gridville, gammafunk_temple_overflow_wave, serial_glass,
          glass_columns_a, glass_columns_a
D:5:      layout_loops_corners, mainiacjoe_overflow_boulevard, uniq_ijyb,
          uniq_menkaure
D:6:      layout_gridville, lemuel_doored_altar, uniq_edmund,
          uniq_prince_ribbit1, uniq_pikel
D:7:      layout_basic, nicolae_ru_awakened_eye, temple_hall,
          chequers_serial_rivers_micro_d, hangedman_decor_diamond_cutter,
          uniq_duvessa
D:8:      layout_loops_ring, grunt_qazlal_clouds, hangedman_decor_lopped,
          minmay_manual_monstrance
D:9:      layout_basic, lemuel_round_altar, enter_bailey_4, serial_ice,
          serial_ice_c, serial_ice_l, serial_ice_b, serial_ice_e, serial_ice_d,
          serial_ice_m, serial_ice_h, serial_shops, nicolae_shop_hallway_plus
D:10:     layout_gridville, lemuel_round_altar,
          mainiacjoe_overflow_cross_hatched, kennysheep_little_box
D:11:     layout_cave_pods, minmay_lair_entry_grove, gammafunk_ghost_arena,
          gauntlet_entry_generic
Temple:   hc_temple_tempest_star
Lair:1:   layout_cave_pods, beast_lair_carwin_9, uniq_grum
Lair:2:   layout_misc_corridors, minmay_swamp_entry_eels, beast_lair_carwin_6,
          infiniplex_staircase_pool, lemuel_fruit_tree

Notes
Turn   | Place    | Note
-------+----------+-------------------------------------------
     0 | D:1      | kingofthe the Spriggan Enchanter began the quest for the
                  | Orb.
     0 | D:1      | Reached XP level 1. HP: 9/9 MP: 5/5
   163 | D:1      | Reached skill level 3 in Dodging
   349 | D:1      | Reached XP level 2. HP: 13/13 MP: 6/6
   352 | D:1      | Learned a level 2 spell: Ensorcelled Hibernation
   582 | D:1      | Reached skill level 3 in Spellcasting
   824 | D:1      | Reached skill level 4 in Hexes
  1054 | D:1      | Found a faded altar of an unknown god.
  1102 | D:1      | Reached skill level 5 in Stealth
  1105 | D:1      | Reached XP level 3. HP: 16/16 MP: 1/8
  1474 | D:2      | Reached XP level 4. HP: 21/21 MP: 8/10
  1521 | D:2      | Learned a level 3 spell: Confusing Touch
  1592 | D:2      | Learned a level 1 spell: Slow
  2320 | D:3      | Reached skill level 4 in Dodging
  2359 | D:3      | Found Dafiliv's General Store.
  2359 | D:3      | Noticed Sigmund
  2599 | D:3      | Killed Sigmund
  2600 | D:3      | Reached skill level 7 in Stealth
  2600 | D:3      | Reached skill level 4 in Spellcasting
  2600 | D:3      | Reached XP level 5. HP: 19/24 MP: 6/12
  2600 | D:3      | Reached XP level 6. HP: 23/28 MP: 6/13
  2705 | D:3      | Reached skill level 5 in Hexes
  2879 | D:3      | Bought a potion of curing for 42 gold pieces
  3327 | D:4      | Reached skill level 5 in Dodging
  3671 | D:4      | Reached skill level 8 in Stealth
  3865 | D:4      | Reached XP level 7. HP: 32/32 MP: 6/15
  4159 | D:4      | Found an iron altar of Okawaru.
  4159 | D:4      | Found a basalt altar of Yredelemnul.
  4181 | D:5      | Entered Level 5 of the Dungeon
  4253 | D:5      | Noticed Menkaure
  4264 | D:5      | Killed Menkaure
  4265 | D:5      | Reached skill level 5 in Spellcasting
  4633 | D:5      | Found a hide-covered altar of Uskayaw.
  4641 | D:5      | Reached skill level 6 in Hexes
  4883 | D:5      | Reached skill level 6 in Spellcasting
  4926 | D:5      | Noticed Ijyb
  4937 | D:5      | Killed Ijyb
  5141 | D:5      | Reached skill level 6 in Dodging
  5141 | D:5      | Reached XP level 8. HP: 36/36 MP: 15/18
  5269 | D:6      | Reached skill level 9 in Stealth
  5269 | D:6      | Reached skill level 7 in Hexes
  5270 | D:6      | Noticed Pikel
  5348 | D:6      | Noticed a two-headed ogre
  5359 | D:6      | Reached skill level 7 in Spellcasting
  5615 | D:6      | Reached skill level 8 in Hexes
  5649 | D:6      | Killed a two-headed ogre
  5650 | D:6      | Reached skill level 7 in Dodging
  5650 | D:6      | Reached skill level 10 in Stealth
  5650 | D:6      | Reached skill level 8 in Spellcasting
  5650 | D:6      | Reached XP level 9. HP: 23/39 MP: 17/22
  5779 | D:6      | Noticed Prince Ribbit
  5802 | D:6      | Killed Pikel
  5803 | D:6      | Reached skill level 9 in Spellcasting
  5803 | D:6      | Reached skill level 9 in Hexes
  5811 | D:6      | Killed Prince Ribbit
  5954 | D:6      | Found a shadowy altar of Dithmenos.
  5971 | D:6      | Became a worshipper of Dithmenos the Shadowed
  5989 | D:6      | Identified the +7 chain mail of the Furies {rElec Str-3
                  | Int+8}
  5989 | D:6      | Noticed Edmund
  6016 | D:6      | Killed Edmund
  6017 | D:6      | Reached skill level 8 in Dodging
  6145 | D:7      | Noticed Duvessa
  6146 | D:7      | Noticed Dowan
  6242 | D:7      | Found a sacrificial altar of Ru.
  6403 | D:7      | Reached skill level 11 in Stealth
  6476 | D:7      | Reached skill level 10 in Hexes
  6594 | D:7      | Reached * piety under Dithmenos
  6618 | D:7      | Killed Duvessa
  6640 | D:7      | Killed Dowan
  6808 | D:7      | Reached skill level 10 in Spellcasting
  6808 | D:7      | Reached XP level 10. HP: 44/44 MP: 21/25
  7141 | D:7      | Found a staircase to the Ecumenical Temple.
  7150 | Temple   | Entered the Ecumenical Temple
  7607 | D:7      | You fall into a shaft and drop 2 floors!
  7607 | D:9      | Found a shimmering altar of Xom.
  7769 | D:9      | Found Secezyn's Weapon Shop.
  7956 | D:9      | Reached ** piety under Dithmenos
  7975 | D:8      | Reached skill level 9 in Dodging
  8347 | D:8      | Reached skill level 11 in Hexes
  8390 | D:8      | Noticed a centaur warrior
  8400 | D:8      | Killed a centaur warrior
  8401 | D:8      | Reached skill level 12 in Stealth
  8401 | D:8      | Reached skill level 11 in Spellcasting
  9130 | D:8      | Found a stormy altar of Qazlal.
  9595 | D:9      | Learned a level 3 spell: Tukima's Dance
  9786 | D:9      | Reached XP level 11. HP: 47/47 MP: 24/27
  9802 | D:9      | Reached skill level 12 in Hexes
  9949 | D:9      | Reached *** piety under Dithmenos
  9994 | D:9      | Reached skill level 12 in Spellcasting
 10197 | D:9      | Reached skill level 10 in Dodging
 10659 | D:9      | Noticed a death yak
 10700 | D:10     | Entered Level 10 of the Dungeon
 10858 | D:10     | Reached skill level 13 in Stealth
 11039 | D:10     | Found a burning altar of Makhleb.
 11249 | D:10     | Reached **** piety under Dithmenos
 11268 | D:10     | Found a glowing golden altar of the Shining One.
 11425 | D:10     | Found a glowing silver altar of Zin.
 11584 | D:11     | Reached skill level 13 in Hexes
 11615 | D:11     | Found a gate leading to a gauntlet.
 11626 | Gauntlet | Entered a Gauntlet
 11626 | Gauntlet | Found a transporter.
 11626 | Gauntlet | Found a transporter.
 11628 | Gauntlet | Found a transporter.
 11630 | Gauntlet | Found a transporter.
 11645 | Gauntlet | Found a transporter.
 11652 | Gauntlet | Noticed a death scarab
 11653 | Gauntlet | Found a transporter.
 11657 | Gauntlet | Found a transporter.
 11666 | Gauntlet | Found a transporter.
 11666 | Gauntlet | Noticed a ghost crab
 11682 | Gauntlet | Found a transporter.
 11685 | Gauntlet | Noticed a dire elephant
 11700 | Gauntlet | Found a transporter.
 11701 | Gauntlet | Found a transporter.
 11702 | Gauntlet | Found a runed translucent door.
 11709 | Gauntlet | Noticed a fire crab
 11712 | Gauntlet | Found a transporter.
 11831 | Gauntlet | Identified 3 potions of resistance
 11852 | Gauntlet | Found the ring of the Octopus King
 11903 | Gauntlet | Reached skill level 13 in Spellcasting
 12027 | Gauntlet | HP: 2/45 [spectral lindwurm (5)]
 12043 | Gauntlet | Identified the +0 pair of boots of Asceticism {Str+3 Int-3
                  | Dex+4}
 12048 | Gauntlet | Noticed a minotaur
 12151 | D:11     | Noticed a two-headed ogre
 12204 | D:11     | Noticed a boulder beetle
 12322 | D:10     | Learned a level 4 spell: Sticky Flame
 12367 | D:11     | Found a staircase to the Lair.
 12375 | D:11     | Reached skill level 11 in Dodging
 12376 | D:11     | Reached skill level 2 in Short Blades
 12399 | D:11     | Reached skill level 1 in Fire Magic
 12414 | D:11     | Reached XP level 12. HP: 51/51 MP: 18/30
 12491 | D:11     | Found a transporter.
 12498 | D:11     | Found a transporter.
 12498 | D:11     | Noticed a centaur warrior
 12498 | D:11     | Noticed hndcvy's ghost (journeyman MiFi)
 12823 | D:11     | Killed a boulder beetle
 12824 | D:11     | Reached skill level 1 in Conjurations
 12824 | D:11     | Reached skill level 2 in Fire Magic
 12928 | D:11     | Noticed a boulder beetle
 12939 | D:11     | Killed a boulder beetle
 13170 | Lair:1   | Entered Level 1 of the Lair of Beasts
 13255 | Lair:1   | Noticed a five-headed hydra
 13268 | Lair:1   | Reached skill level 3 in Short Blades
 13268 | Lair:1   | Reached skill level 14 in Stealth
 13296 | Lair:1   | Killed a five-headed hydra
 13858 | Lair:1   | Noticed a six-headed hydra
 13873 | Lair:1   | HP: 4/51 [six-headed hydra (10)]
 13883 | Lair:1   | Killed a six-headed hydra
 13884 | Lair:1   | Reached skill level 3 in Fire Magic
 14204 | Lair:1   | Noticed Grum
 14257 | Lair:1   | Reached ***** piety under Dithmenos
 14258 | Lair:1   | Reached skill level 12 in Dodging
 14287 | Lair:1   | Reached skill level 1 in Evocations
 14294 | Lair:1   | Killed Grum
 14304 | Lair:1   | Reached skill level 2 in Conjurations
 14876 | Lair:1   | Reached skill level 2 in Evocations
 14882 | Lair:1   | Reached skill level 4 in Short Blades
 15304 | Lair:2   | Found a staircase to the Swamp.
 15650 | Lair:2   | Reached skill level 4 in Fire Magic
 15876 | Lair:2   | Reached skill level 14 in Hexes
 16055 | Lair:2   | HP: 1/51 [electric eel/bolt of electricity (10)]
 16055 | Lair:2   | Killed from afar by an electric eel

Vanquished Creatures
  2 hydras (Lair:1)
  2 boulder beetles (D:11)
  A centaur warrior (D:8)
  A two-headed ogre (D:6)
  Pikel (D:6)
  A manticore (D:11)
  A cyclops (D:11)
  An elephant (Lair:2)
  A gargoyle (D:11)
  3 cane toads
  A kobold demonologist (D:9)
  An unseen horror (D:10)
  2 komodo dragons
  2 trolls
  5 hornets
  Prince Ribbit (D:6)
  14 blink frogs
  2 shadows
  Sigmund (D:3)
  4 wraiths
  5 wyverns
  46 yaks
  Grum (Lair:1)
  Menkaure (D:5)
  A steam dragon (D:9)
  Edmund (D:6)
  8 water moccasins
  Duvessa (D:7)
  3 orc warriors
  2 ice beasts
  2 sky beasts
  5 black bears
  2 ogres
  3 wolves (Lair:1)
  6 centaurs
  A phantom (D:5)
  3 kobold brigands
  6 bullfrogs
  2 necrophages
  4 scorpions
  Dowan (D:7)
  9 wights
  9 killer bees
  A howler monkey (D:4)
  3 electric eels
  2 hounds
  A jelly (D:5)
  5 orc priests
  5 iguanas
  6 orc wizards
  Ijyb (D:5)
  A centaur simulacrum (D:9)
  9 adders
  3 gnolls (D:7)
  A shadow imp (D:7)
  2 white imps (D:9)
  2 ufetubi
  A worm (D:3)
  5 dart slugs
  30 orcs
  6 ball pythons
  3 bats
  5 endoplasms
  2 giant cockroaches
  6 goblins
  12 hobgoblins
  10 jackals
  29 kobolds
  2 quokkas
  A frilled lizard (D:1)
  3 rats
326 creatures vanquished.

Vanquished Creatures (others)
  13 fungi
  14 plants
27 creatures vanquished.

Grand Total: 353 creatures vanquished

Table legend: (Time is in decaauts)
 A = Elapsed time spent in this place.
 B = Non-inter-level travel time spent in this place.
 C = Inter-level travel time spent in this place.
 D = Time resting spent in this place.
 E = Time spent auto-exploring this place.
 F = Levels seen in this place.
 G = Mean time per level.
                   A        B        C        D        E       F      G
               +--------+--------+--------+--------+--------+-----+--------+
         Total |  12371 |  11970 |    401 |   2052 |   7215 |  15 |  824.7 |
       Dungeon |   9479 |   9180 |    299 |   1055 |   6097 |  11 |  861.7 |
        Temple |    233 |    214 |     19 |      0 |    204 |   1 |  233.0 |
          Lair |   2362 |   2280 |     82 |    956 |    862 |   2 | 1181.0 |
      Gauntlet |    296 |    296 |      0 |     41 |     51 |   1 |  296.0 |
               +--------+--------+--------+--------+--------+-----+--------+

Top non-repeatable levels by time:
  Lair:1: 1927 daAuts
     D:7: 1195 daAuts
     D:9: 1169 daAuts
     D:1: 1103 daAuts
     D:5: 934 daAuts
     D:8: 891 daAuts
     D:3: 854 daAuts
    D:11: 749 daAuts
    D:10: 694 daAuts
     D:6: 653 daAuts
     D:4: 619 daAuts
     D:2: 612 daAuts
  Lair:2: 435 daAuts
Gauntlet: 296 daAuts
  Temple: 233 daAuts

Table legend:
 A = Non-vault XP
 B = Vault XP
 C = Vault XP percentage of total XP
 D = Non-vault monster count
 E = Vault monster count
 F = Vault count percentage of total count
                 A         B        C        D         E       F
            +---------+---------+-------+---------+---------+-------
      Total |   30027 |    7229 |  19.4 |     271 |      55 |  16.9
            +---------+---------+-------+---------+---------+-------
        D:1 |      48 |       0 |   0.0 |      23 |       0 |   0.0
        D:2 |      78 |       0 |   0.0 |      17 |       0 |   0.0
        D:3 |      56 |     301 |  84.3 |      11 |       8 |  42.1
        D:4 |     275 |       0 |   0.0 |      14 |       0 |   0.0
        D:5 |     641 |     211 |  24.8 |      11 |       2 |  15.4
        D:6 |    2028 |    1024 |  33.6 |      20 |       3 |  13.0
        D:7 |    1135 |     224 |  16.5 |      28 |       2 |   6.7
        D:8 |    1952 |    1243 |  38.9 |      23 |       5 |  17.9
        D:9 |    4435 |     394 |   8.2 |      52 |      11 |  17.5
       D:10 |    2971 |       0 |   0.0 |      14 |       0 |   0.0
       D:11 |    5555 |    2110 |  27.5 |      18 |      12 |  40.0
     Lair:1 |    7763 |    1108 |  12.5 |      27 |       9 |  25.0
     Lair:2 |    3090 |      55 |   1.7 |      13 |       1 |   7.1
   Gauntlet |       0 |     559 | 100.0 |       0 |       2 | 100.0
            +---------+---------+-------+---------+---------+-------
